 Dungeon Crawl Stone Soup version 0.19-a0-1341-g3513869 (webtiles) character file.

56 Amnesiac the Chopper (level 3, 0/33 HPs)
             Began as a Hill Orc Monk on Sept 1, 2016.
             Slain by an orc (1 damage)
             ... on level 4 of the Dungeon.
             The game lasted 00:02:09 (1484 turns).

Amnesiac the Chopper (Hill Orc Monk)                Turns: 1484, Time: 00:02:09

Health: 0/33       AC:  7    Str: 13    XL:     3   Next: 97%
Magic:  3/3        EV: 11    Int: 10    God:
Gold:   68         SH:  0    Dex: 14    Spells: 0 memorised, 2 levels left

rFire  . . .     SeeInvis .     a - +0 hand axe
rCold  . . .     Gourm    .     h - +1 ring mail
rNeg   . . .     Faith    .     (no shield)
rPois  .         Spirit   .     (no helmet)
rElec  .         Dismiss  .     (no cloak)
rCorr  .         Reflect  .     (no gloves)
MR     .....     Harm     .     (no boots)
Stlth  +.........               (no amulet)
                                (no ring)
                                d - +1 ring of protection

@: no status effects
A: no striking features
a: Convert to Beogh


You were on level 4 of the Dungeon.
You were not hungry.

You visited 1 branch of the dungeon, and saw 4 of its levels.

You collected 68 gold pieces.

Inventory:

Hand Weapons
 a - a +0 hand axe (weapon)
Armour
 b - a +0 robe
 h - a +1 ring mail (worn)
Jewellery
 d - a +1 ring of protection (left hand)
Scrolls
 m - 2 scrolls of identify {unknown}
 o - a scroll of enchant weapon {unknown}
Potions
 f - a potion of invisibility {unknown}
 g - a potion of agility {unknown}
 j - a potion of might {unknown}
 q - a potion of lignification {unknown}
Comestibles
 c - a bread ration
 i - a slice of pizza
 k - a meat ration
 n - a royal jelly


   Skills:
 + Level 4.2 Fighting
 * Level 5.7 Axes
 - Level 2.4 Dodging
 - Level 1.5 Stealth


You had 2 spell levels left.
You didn't know any spells.

Dungeon Overview and Level Annotations

Branches:
Dungeon (4/15)
 Temple: D:4-7

Altars:

Annotations:
D:4 Leszczynek's ghost, amateur OgMo; Sigmund


Message History

You hit the orc. You barely miss the orc priest.
The orc priest shouts, "Surrender to Beogh and we'll let you live!"
The orc priest mumbles some strange prayers to Beogh against you.
Beogh smites you!
* * * LOW HITPOINT WARNING * * *
The worker ant closely misses you. Something hits you.
* * * LOW HITPOINT WARNING * * *
The orc hits you.
* * * LOW HITPOINT WARNING * * *
The orc closely misses you.
You hit the orc priest but do no damage.
The orc priest is moderately wounded.
You closely miss the orc. You barely miss the worker ant.
You hit the orc but do no damage. You hit something but do no damage.
The worker ant bites you.
* * * LOW HITPOINT WARNING * * *
The orc priest calls upon Beogh to heal the orc.
The orc's wounds heal themselves!
Something hits you but does no damage. The orc hits you but does no damage.
The orc hits you.
You die...

.. ##### ..
.....
###.###...##
#..........#
####...........
.......a.......
#..ooa$.....
#..)@ow....#
###{###...## #.
.# #. #. #. #.
..


You could see a worm, 2 worker ants, an orc priest and 2 orcs.

Vanquished Creatures
  An adder (D:3)
  A shadow imp (D:3)
  An ooze (D:3)
  2 dart slugs
  A worm (D:2)
  A giant gecko (D:2)
  An orc (D:4)
  A giant cockroach (D:3)
  3 goblins
  5 hobgoblins
  2 jackals (D:2)
  2 kobolds
  A ball python (D:2)
  4 bats
  3 rats
29 creatures vanquished.

Notes
Turn   | Place    | Note
-------+----------+-------------------------------------------
     0 | D:1      | Amnesiac the Hill Orc Monk began the quest for the Orb.
     0 | D:1      | Reached XP level 1. HP: 19/19 MP: 1/1
   326 | D:1      | Reached XP level 2. HP: 27/27 MP: 2/2
   721 | D:2      | Reached skill level 5 in Axes
   744 | D:2      | Reached XP level 3. HP: 29/33 MP: 3/3
   901 | D:4      | Noticed Sigmund
  1377 | D:4      | Noticed a giant frog
  1378 | D:4      | Noticed Leszczynek's ghost (amateur OgMo)
  1484 | D:4      | HP: 1/33 [worker ant (2)]
  1484 | D:4      | Slain by an orc

Vault maps used:
D:1:      matt_arrival_grand_opening
D:2:      lemuel_old_faithful
D:4:      first_bread, uniq_blork_the_orc, uniq_natasha, uniq_sigmund

Skill      XL: |  1  2 |
---------------+-------+-----
Fighting       | 4 |  4.2
Axes           | 5 |  5.7
Dodging        | |  2.4
Stealth        | |  1.5

Action                   || total
-------------------------++-------
Melee: Hand axe          ||   110
  Use: Scroll            ||     5
 Stab: Sleeping          ||     2
  Eat: Chunk             ||     2
Armor: Robe              ||     5
       Ring mail         ||    40
Dodge: Dodged            ||    96
